 Dungeon Crawl Stone Soup version 0.30.1-4-g462c640d31 (webtiles) character file.

Game seed: 7380910081672264293

30 lonewolfV2 the Shield-Bearer (level 3, -3/36 HPs)
             Began as a Troll Fighter on Aug 25, 2023.
             Killed by an exploding ball python (39 damage)
             ... ignited by their inner flame
             ... on level 2 of the Dungeon.
             The game lasted 00:01:51 (838 turns).

lonewolfV2 the Shield-Bearer (Troll Fighter)         Turns: 838, Time: 00:01:52

Health: -3/36      AC:  4    Str: 26    XL:     3   Next: 3%
Magic:  2/2        EV:  9    Int:  4    God:
Gold:   74         SH:  7    Dex:  9    Spells: 2/2 levels left

rFire   . .          .
                       - Unarmed
rCold   . . .        b - +0 kite shield
rNeg    . . .        a - +0 robe
rPois   .            (helmet restricted)
rElec   .            (no cloak)
rCorr   .            (gloves unavailable)
SInv    .            (boots unavailable)
Will    .....        (no amulet)
Stlth   +            (no ring)
HPRegen 1.06/turn    (no ring)
MPRegen 0.08/turn

%: no passive effects
@: no status effects
A: large, unfitting armour, claws 3, regeneration 1, shaggy fur 1, tough skin 1
a: no special abilities


You were on level 2 of the Dungeon.
You visited 1 branch of the dungeon, and saw 2 of its levels.

You collected 74 gold pieces.

Inventory:

Armour
 a - a +0 robe (worn)
 b - a +0 kite shield (worn)
Scrolls
 d - a scroll of teleportation
Potions
 c - a potion of might
 e - a potion of heal wounds {unknown}
 f - a potion of mutation {unknown}
 g - a potion of flight {unknown}
 h - 2 potions of lignification
 k - a potion of invisibility {unknown}


   Skills:
 + Level 2.6 Fighting
 + Level 2.8 Dodging
 + Level 3.0 Shields
 + Level 2.4 Unarmed Combat


You had 2 spell levels left.
You didn't know any spells.
Your spell library was empty.

Dungeon Overview and Level Annotations

Branches:
Dungeon (2/15)

Altars:


Innate Abilities, Weirdness & Mutations

You are too large for most types of armour.
You have claws for hands.
Your natural rate of healing is unusually fast.
You are covered in fur. (AC +1)
You have tough skin. (AC +1)


Message History

You kill the ball python!
You have reached level 3!
Your experience leads to an increase in your attributes!
Increase (S)trength, (I)ntelligence, or (D)exterity?
You feel stronger. x3
You see here a ball python corpse.
You scratch the endoplasm.
The endoplasm is severely wounded.
The endoplasm hits you but does no damage.
You scratch the endoplasm.
You kill the endoplasm!
Found a falchion.
You see here a +0 falchion.
You open the door.
There is an open door here.
Found a rapier.
k - a bubbling yellow potion
l - a scroll labelled JORUIMU AFFU
As you read the scroll labelled FUMEPA WYTILIM, it crumbles to dust.
You feel strangely unstable.
It was a scroll of teleportation.
Unknown command.
As you read the scroll labelled XURRUY ULINED, it crumbles to dust.
It is a scroll of identify.
h - 2 potions of lignification
As you read the scroll labelled JAZUED FANURAR, it crumbles to dust.
You feel aware of your surroundings.
It was a scroll of magic mapping.
Your surroundings suddenly seem different.
A ball python and 2 hobgoblins come into view.
Found a scroll of identify and a glowing morningstar.
The hobgoblin shouts!
You hear a shout!
As you read the scroll labelled JORUIMU AFFU, it crumbles to dust.
The creatures around you are filled with an inner flame!
It was a scroll of immolation.
The hobgoblin shouts!
The ball python misses you.
You scratch the ball python.
The ball python explodes!
The fiery explosion engulfs you!!!
Ouch! That really hurt!
You die...

**,,,,,,,*,*,***,,,,,,,,,,,,,,**,
*,,,,,,,***,#.......,,,,,,,,,,,,
*,,,,,,,,,,,#......#***,,,,,,***
**,,,,,,,,,**#...g..,********,,,,
,,,,,,,***** #.....#,,*******,,,,
,,,,,,^* #..g..#*,,,,,,,,,,,,
,,,,,,,* #.§§§.#***,**,,,,,,,
,,,,,,,* ####.§§§.####,****,,,,,
,,,,,,,* #.....@§....#,* *,,***
,,,,,,,* #.).........#,* **,***
,,,,,,,* #...........#,*** *,,,*
******** #.............,,* *,,,,
* ###########...,,* ****, *,..,,*
*, *,,.,,******* **,,,,,,,,,,*
*,,,,,,,,,,*


You could see 2 hobgoblins.

Vanquished Creatures
  3 endoplasms
  A giant cockroach (D:1)
  4 goblins (D:1)
  A hobgoblin (D:1)
  4 kobolds (D:1)
  A quokka (D:1)
  5 ball pythons
  4 bats (D:1)
  3 frilled lizards (D:1)
  5 rats (D:1)
31 creatures vanquished.

Notes
Turn   | Place    | Note
-------+----------+-------------------------------------------
     0 | D:1      | lonewolfV2 the Troll Fighter began the quest for the Orb.
     0 | D:1      | Reached XP level 1. HP: 22/22 MP: 0/0
   233 | D:1      | Reached XP level 2. HP: 24/29 MP: 1/1
   402 | D:1      | Reached skill level 3 in Shields
   811 | D:2      | Reached XP level 3. HP: 36/36 MP: 2/2
   838 | D:2      | Killed by an exploding ball python... ignited by their
                  | inner flame

Illustrated notes

Levels and vault maps discovered:
D:1:      dpeg_arrival_subterranean_lakeside_camping, layout_basic
D:2:      minmay_wonky_spiral, layout_basic, minmay_misc_feat_room,
          item_on_display_a

Skill      XL: |  1  2 |
---------------+-------+-----
Shields        | 3 |  3.0
Fighting       | |  2.6
Dodging        | |  2.8
Unarmed Combat | |  2.4

Action                     || total
---------------------------++-------
  Melee: Unarmed           ||    77
    Use: Scroll            ||     4
 Armour: Robe              ||    68
  Dodge: Dodged            ||    49
  Block: Kite shield       ||    42
